AoeStats
← Shaman Twain

Arabia

507933120Analyzed
1v1 RM · 13d ago on Sep 20, 2026· 39m 34s· 2 players
Game mode
Random Map
Map size
Tiny (2 player)
Population
200
Speed
Normal
Resources
Standard
Victory
Conquest
Starting age
Dark Age
Ending age
Imperial Age
RankedLock teamsTeams togetherTeam positionsShared explorationLock speedFull tech treeHidden civsTurbo modeCheats
Victory
Defeat
🇮🇳 Japanese · India
943
+18
🇸🇰 Hindustanis · Slovakia
991
-18
Shaman Twain
11:38 Feudal Age
9:58 Loom
12:09 Man-at-Arms
17:13 Padded Archer Armor
19:25 Castle Age
18:49 Double-Bit Axe
22:07 Padded Archer Armor
27:34 Ballistics
28:31 Leather Archer Armor
30:03 Thumb Ring
31:38 Horse Collar
32:12 Bow Saw
32:40 Elite Skirmisher
35:23 Scale Mail Armor
35:36 Forging
36:12 Squires
39:15 Chain Mail Armor
39:36 Iron Casting
hargi
6:51 Loom
10:43 Feudal Age
17:37 Castle Age
17:39 Double-Bit Axe
19:39 Fletching
21:35 Bodkin Arrow
21:49 Horse Collar
23:09 Wheelbarrow
23:12 Elite Skirmisher
26:11 Padded Archer Armor
27:46 Bow Saw
27:53 Stone Mining
29:22 Gold Mining
31:15 Leather Archer Armor
33:17 Hand Cart
37:29 Imperial Age
36:09 Forging
36:22 Heavy Plow
38:03 Iron Casting
39:10 Gold Shaft Mining
39:11 Stone Shaft Mining
39:54 Two-Man Saw
39:32 Conscription
Connection lost

Rejoining the realm…

Still unreachable

The connection could not be restored.

Session expired

The server has moved on; the page needs a fresh start.